 Dungeon Crawl Stone Soup version 0.29-a0-284-gf9362112df (webtiles) character file.

Game seed: 4639247551981773290

403 spaghetti the Covert (level 6, 0/42 HPs)
             Began as an Octopode Delver on Mar 22, 2022.
             Slain by a sky beast (5 damage)
             ... on level 5 of the Dungeon.
             The game lasted 00:01:52 (1192 turns).

spaghetti the Covert (Octopode Delver)              Turns: 1192, Time: 00:01:53

Health: 0/42       AC:  1    Str: 12    XL:     6   Next: 86%
Magic:  6/6        EV: 15    Int: 12    God:
Gold:   86         SH:  0    Dex: 15    Spells: 5/5 levels left

rFire   . . .      SeeInvis .   h - +2 hand axe (elec) {axe}
rCold   . . .      Faith    .   (no shield)
rNeg    . . .      Spirit   .   (helmet restricted)
rPois   .          Reflect  .   (no amulet)
rElec   .          Harm     .   (no ring)
rCorr   .          Rampage  .   (no ring)
Will    .....                   (no ring)
Stlth   +++++.....              (no ring)
HPRegen 0.14/turn               (no ring)
MPRegen 0.10/turn               (no ring)
                                (no ring)
                                (no ring)

@: attractive
A: almost no armour, amphibious, 8 rings, camouflage 1, gelatinous body 1,
(nimble swimmer 1), tentacles
a: no special abilities


You were on level 5 of the Dungeon.
You visited 1 branch of the dungeon, and saw 2 of its levels.

You collected 86 gold pieces.


Innate Abilities, Weirdness & Mutations

You cannot wear most types of armour.
You are amphibious.
You can wear up to eight rings at the same time.
Your skin changes colour to match your surroundings (Stealth+).
Your rubbery body absorbs attacks. (AC +1, EV +1)
((You are camouflaged when in or above water. (Stealth+)))
You have tentacles for arms and can constrict up to eight enemies at once.


   Skills:
 - Level 3.0 Fighting
 - Level 3.1 Short Blades
 + Level 5.6 Dodging
 - Level 8.2 Stealth


You had 5 spell levels left.
You didn't know any spells.
Your spell library was empty.

Inventory:

Hand Weapons
 a - a +0 short sword {short}
 h - a +2 hand axe of electrocution (weapon) {axe}
   (You took it off an orc on level 5 of the Dungeon)
 i - a +0 vampiric whip {mace}
   (You took it off an orc on level 5 of the Dungeon)
Wands
 f - a wand of digging (3)
 j - a wand of paralysis (10)
   (You found it on level 5 of the Dungeon)
Scrolls
 b - a scroll of fog
 c - a scroll of magic mapping {!r}
 g - a scroll of teleportation {unknown}
 k - a scroll of noise {unknown}
 l - 2 scrolls of identify {unknown}
Potions
 e - a potion of haste {@q3}

Dungeon Overview and Level Annotations

Branches:
Dungeon (6/15)
 Temple: D:4-7

Altars:
Ashenzari

>......############
#.####.##.........#
#.##..............#
#.##.#.##.).......##########
#....#.##.........#........#
######.##.........#........#
..###'##....##...)....# ###
#.##.##{##........#
#.##.##@##........#
#.##.##.##........#
#.##.##.##........######
#.##.##................#
#.##.#####........####.#
#....# ########## #.# #.#
#.# #.# #.#


There were no monsters in sight!


Message History

An adder is nearby!
You open the door.
There is an open door here. 😨 HP[+1]
You close the door.
You start resting.
An adder is nearby!
You open the door.
There is an open door here.
As you close the door, it creaks loudly!
You hear an angry hiss. 😨 HP[+1]
You start resting. 😎 HP[+29]
Your hp is fully restored (42).
As you open the door, it creaks loudly!
There is an open door here.
d - a grey potion You now have 69 gold pieces (gained 13).
You see here a +0 hand axe {axe}.
No target in range!
No target in range!
No target in range!
You hit the ice beast but do no damage.
Lightning courses through the ice beast!
An orc comes into view. It is wielding a +0 hand axe.
The ice beast misses you. The ice beast hits you.
The ice beast freezes you! 😕 HP[-10]
You take 10 damage, and now have 32/42 hp.
MASSIVE DAMAGE!! (PAUSE)
The orc shouts!
You hit the ice beast. The ice beast hits you.
The ice beast freezes you! 😮 HP[-9]
You take 9 damage, and now have 23/42 hp.
MASSIVE DAMAGE!! (PAUSE)
You hit the ice beast but do no damage. You squeeze the ice beast.
The ice beast closely misses you.
You hit the ice beast.
You kill the ice beast!
Your Dodging skill increases to level 5!
The orc completely misses you. The orc barely misses you.
You hit the orc. Lightning courses through the orc!!
You kill the orc!
You now have 75 gold pieces (gained 6).
You see here a +0 hand axe {axe}. 😮 HP[+1]
You start resting. 😎 HP[+18]
Your hp is fully restored (42).
A bullfrog comes into view.
A bullfrog is nearby!
A bullfrog is nearby!
You hit the bullfrog. Your grab misses the bullfrog. The bullfrog hits you.
The bullfrog closely misses you. 😕 HP[-5]
You take 5 damage, and now have 37/42 hp.
You hit the bullfrog. Your grab misses the bullfrog. You squeeze the bullfrog.
The bullfrog barely misses you. x2
You completely miss the bullfrog. You grab the bullfrog.
You constrict the bullfrog. The bullfrog misses you.
The bullfrog closely misses you.
You slash the bullfrog! Lightning courses through the bullfrog!
You kill the bullfrog!
Found a stone staircase leading up. 😎 HP[+5]
Your hp is fully restored (42).
There is a stone staircase leading up here.
You now have 86 gold pieces (gained 11).
There is a stone staircase leading up here.
A sky beast comes into view.
A sky beast is nearby!
You closely miss the sky beast. Your squeeze misses the sky beast.
The sky beast misses you.
You closely miss the sky beast. The sky beast closely misses you. x2
You hit the sky beast. The sky beast misses you.
You hit the sky beast.
The sky beast flickers out of sight!
Deactivating autopickup; reactivate with Ctrl-A.
Something hits you. Something shocks you. 😕 HP[-7]
You take 7 damage, and now have 35/42 hp.
You barely miss something. Something hits you. Something shocks you. 😮 HP[-7]
You take 7 damage, and now have 28/42 hp.
You hit something. Your squeeze misses something. Something hits you.
Something shocks you.
* * * LOW HITPOINT WARNING * * *
Something hits you.
* * * LOW HITPOINT WARNING * * *
Something shocks you.
* * * LOW HITPOINT WARNING * * *
😱 HP[-20]
You take 20 damage, and now have 8/42 hp.
MASSIVE DAMAGE!! (PAUSE) It was a potion of attraction.
You feel attractive to monsters. Something hits you.
* * * LOW HITPOINT WARNING * * *
Something shocks you.
You die...

Skill      XL: |  1  2  3  4  5  6 |
---------------+-------------------+-----
Stealth        | 8 |  8.2
Short Blades   | 3 |  3.1
Dodging        | 3 4 5 |  5.6
Fighting       | |  3.0

Action                   |  1- 3 |  4- 6 || total
-------------------------+-------+-------++-------
Melee: Short sword       |     3 |     6 ||     9
       Constrict         |     1 |     8 ||     9
       Tentacles         |       |    13 ||    13
       Hand axe          |       |    34 ||    34
  Use: Scroll            |       |     1 ||     1
       Potion            |       |     1 ||     1
 Stab: Sleeping          |     2 |     4 ||     6
Armor: Skin              |       |     1 ||     1
Dodge: Dodged            |     1 |    29 ||    30

Levels and vault maps discovered:
D:5:      layout_basic, nicolae_ashenzari_skybound
D:6:      layout_rooms, okawaru_trees_1, serial_shops, nicolae_lakefront_shop,
          st_stairs_4, serial_bayou_pond_d, uniq_grinder

Notes
Turn   | Place    | Note
-------+----------+-------------------------------------------
     0 | D:5      | spaghetti the Octopode Delver began the quest for the Orb.
     0 | D:5      | Reached XP level 1. HP: 16/16 MP: 1/1
     0 | D:5      | magus.rc [v1.9.6]
     5 | D:6      | Noticed a howler monkey
     5 | D:6      | Noticed a jelly
    11 | D:6      | Killed a howler monkey
    12 | D:6      | Reached skill level 8 in Stealth
    12 | D:6      | Reached XP level 2. HP: 12/21 MP: 2/2
    12 | D:6      | Reached XP level 3. HP: 15/26 MP: 3/3
   149 | D:5      | Reached XP level 4. HP: 31/31 MP: 4/4
   175 | D:5      | Reached skill level 3 in Short Blades
   187 | D:5      | Found a broken altar of Ashenzari.
   280 | D:5      | Noticed a scorpion
   287 | D:5      | Killed a scorpion
   288 | D:5      | Reached skill level 3 in Dodging
   288 | D:5      | Reached XP level 5. HP: 36/36 MP: 5/5
   300 | D:5      | Reached skill level 4 in Dodging
   628 | D:5      | Noticed an ice beast
   632 | D:5      | Reached XP level 6. HP: 42/42 MP: 6/6
   639 | D:5      | HP: 1/42 [ice beast (13)]
   958 | D:5      | Killed an ice beast
   959 | D:5      | Reached skill level 5 in Dodging
  1182 | D:5      | Noticed a sky beast
  1191 | D:5      | HP: 8/42 [something (5)]
  1192 | D:5      | Slain by a sky beast

Vanquished Creatures
  An ice beast (D:5)
  A bullfrog (D:5)
  A scorpion (D:5)
  A howler monkey (D:6)
  A hound (D:5)
  3 iguanas (D:5)
  2 adders (D:5)
  5 orcs (D:5)
15 creatures vanquished.

Table legend:
 A = Non-vault XP
 B = Vault XP
 C = Vault XP percentage of total XP
 D = Non-vault monster count
 E = Vault monster count
 F = Vault count percentage of total count
                 A         B        C        D         E       F
            +---------+---------+-------+---------+---------+-------
      Total |     576 |       0 |   0.0 |      15 |       0 |   0.0
            +---------+---------+-------+---------+---------+-------
        D:5 |     516 |       0 |   0.0 |      14 |       0 |   0.0
        D:6 |      60 |       0 |   0.0 |       1 |       0 |   0.0
            +---------+---------+-------+---------+---------+-------

Illustrated notes

Table legend:
 A = Kills in this place as a percentage of kills in entire the game.
 B = Kills by you in this place as a percentage of kills by you in the entire game.
 C = Kills by friends in this place as a percentage of kills by friends in the entire game.
 D = Other kills in this place as a percentage of other kills in the entire game.
 E = Experience gained in this place as a percentage of experience gained in the entire game.
 F = Experience gained in this place divided by the number of levels of this place that you have seen.
                   A       B       C       D       E      F
               +-------+-------+-------+-------+-------+----------------------
         Total | 100.0 | 100.0 |   N/A |   N/A | 100.0 | 288.0
       Dungeon | 100.0 | 100.0 |   N/A |   N/A | 100.0 | 288.0
               +-------+-------+-------+-------+-------+----------------------

Table legend: (Time is in decaauts)
 A = Elapsed time spent in this place.
 B = Non-inter-level travel time spent in this place.
 C = Inter-level travel time spent in this place.
 D = Time resting spent in this place.
 E = Time spent auto-exploring this place.
 F = Levels seen in this place.
 G = Mean time per level.
                   A        B        C        D        E       F      G
               +--------+--------+--------+--------+--------+-----+--------+
         Total |   1200 |   1195 |      5 |    512 |    494 |   2 |  600.0 |
       Dungeon |   1200 |   1195 |      5 |    512 |    494 |   2 |  600.0 |
               +--------+--------+--------+--------+--------+-----+--------+

Top non-repeatable levels by time:
     D:5: 1182 daAuts
     D:6: 18 daAuts
